 Dungeon Crawl Stone Soup version 0.27-a0-1512-g99fd57bada (webtiles) character file.

Game seed: 15255113627964462154

4 Blejac999 the Insei (level 1, -1/15 HPs)
             Began as a Merfolk Transmuter on July 9, 2021.
             Slain by a rat (2 damage)
             ... on level 1 of the Dungeon.
             The game lasted 00:00:39 (78 turns).

Blejac999 the Insei (Merfolk Transmuter)              Turns: 78, Time: 00:00:41

Health: -1/15      AC:  2    Str: 10    XL:     1   Next: 60%
Magic:  2/3        EV:  9    Int: 12    God:
Gold:   0          SH:  0    Dex: 14    Spells: 3/4 levels left

rFire    . . .     SeeInvis .     - Unarmed
rCold    . . .     Faith    .   (no shield)
rNeg     . . .     Spirit   .   a - +0 robe
rPois    .         Reflect  .   (helmet currently unavailable)
rElec    .         Harm     .   (no cloak)
rCorr    .         Rampage  .   (no gloves)
Will     .....                  (boots currently unavailable)
Stlth    +.........             (no amulet)
HPRegen  0.05/turn              (no ring)
MPRegen  0.08/turn              (no ring)

@: appendages (expiring), constricted
A: horns 2, (nimble swimmer 2), mertail
a: End Transformation


You were on level 1 of the Dungeon.
You had temporarily grown beastly horns.
You visited 1 branch of the dungeon, and saw 1 of its levels.

Inventory:

Armour
 a - a +0 robe (worn)


   Skills:
 + Level 1.1 Fighting
 + Level 2.6 Dodging
 + Level 3.6 Unarmed Combat
 + Level 2.0 Spellcasting
 + Level 2.6 Transmutations


You had 3 spell levels left.
You knew the following spells:

 Your Spells              Type           Power      Damage    Failure   Level
a - Beastly Appendage     Tmut           14%        N/A       9%          1

Your spell library contained the following spells:

 Spells                   Type           Power      Damage    Failure   Level
 Wereblood                Tmut           7%         N/A       14%         2
 Spider Form              Tmut/Pois      2%         N/A       43%         3
 Ice Form                 Ice/Tmut       4%         N/A       83%         4


Dungeon Overview and Level Annotations

Branches:
Dungeon (1/15)

Altars:


Innate Abilities, Weirdness & Mutations

You have temporarily grown beastly horns.
((You are quick and stealthy near water. (Stealth+, EV+, Speed+++)))
Your lower body shifts to a powerful aquatic tail in water.


Message History

You kill the dart slug!
A ball python and a rat come into view.
A ball python and a rat come into view.
The ball python hisses angrily. x2
Casting: Beastly Appendage (safe; 9% risk of failure)
Confirm with . or Enter, or press ? or * to list all spells.
You grow a pair of large bovine horns.
A rat and an endoplasm come into view.
The ball python closely misses you. The ball python grabs you.
The ball python constricts you. The rat closely misses you.
The ball python bites you but does no damage.
The ball python closely misses you. The ball python constricts you.
You barely miss the ball python. The rat bites you but does no damage.
The rat twitches its whiskers.
The ball python bites you. x2; The ball python constricts you.
Unknown command.
Unknown command.
You hit the ball python.
The ball python is heavily wounded.
Your transformation is almost over.
The endoplasm quivers.
The rat bites you. The ball python barely misses you.
The ball python bites you. The ball python constricts you.
You closely miss the ball python. Your headbutt misses the ball python.
The ball python is heavily wounded.
The rat bites you but does no damage. The ball python bites you. x2
The ball python constricts you.
You closely miss the ball python. You headbutt the ball python.
You kill the ball python!
The rat misses you. The ball python bites you.
* * * LOW HITPOINT WARNING * * *
The ball python constricts you.
Unknown command.
You barely miss the rat. Your headbutt misses the rat.
The rat barely misses you. The ball python bites you.
* * * LOW HITPOINT WARNING * * *
x2 The ball python constricts you.
The rat twitches its whiskers.
The rat bites you.
You die...

#.'.....
.......
#.'...♣.
.......
#.##....
.......
#.##....
.......
#.#P♣P..
......J
##.######
......r##
#..#
......rS#
##.##
#@#######..#
#r........##
##.########
#.# #.. #...
#... #...#
....#


You could see an endoplasm, a ball python and 3 rats.

Vanquished Creatures
  A dart slug (D:1)
  A ball python (D:1)
2 creatures vanquished.

Notes
Turn   | Place    | Note
-------+----------+-------------------------------------------
     0 | D:1      | Blejac999 the Merfolk Transmuter began the quest for the
                  | Orb.
     0 | D:1      | Reached XP level 1. HP: 15/15 MP: 3/3
    78 | D:1      | Slain by a rat

Illustrated notes

Levels and vault maps discovered:
D:1:      kennysheep_arrival_seaside, layout_rooms,
          shapermc_ecumenical_altar_mp_highgroup

Action                   || total
-------------------------++-------
Melee: Unarmed           ||     7
       Headbutt          ||     1
 Cast: Beastly Appendage ||     1
Armor: Robe              ||     3
Dodge: Dodged            ||     8

Table legend: (Time is in decaauts)
 A = Elapsed time spent in this place.
 B = Non-inter-level travel time spent in this place.
 C = Inter-level travel time spent in this place.
 D = Time resting spent in this place.
 E = Time spent auto-exploring this place.
 F = Levels seen in this place.
 G = Mean time per level.
                   A        B        C        D        E       F      G
               +--------+--------+--------+--------+--------+-----+--------+
         Total |     71 |     71 |      0 |      0 |     24 |   1 |   71.0 |
       Dungeon |     71 |     71 |      0 |      0 |     24 |   1 |   71.0 |
               +--------+--------+--------+--------+--------+-----+--------+

Top non-repeatable levels by time:
     D:1: 71 daAuts
